 Dungeon Crawl Stone Soup version 0.31-a0-210-gccc998df9b (webtiles) character file.

Game seed: 17155226563047460553

233 qw the Ducker (level 6, -1/37 HPs)
             Began as a Gargoyle Fighter on June 29, 2023.
             Slain by Natasha (5 damage)
             ... on level 2 of the Dungeon.
             The game lasted 00:00:40 (991 turns).

qw the Ducker (Gargoyle Fighter)                     Turns: 991, Time: 00:00:40

Health: -1/37      AC: 11    Str: 21    XL:     6   Next: 5%
Magic:  6/6        EV: 11    Int:  9    God:
Gold:   79         SH:  5    Dex: 15    Spells: 5/5 levels left

rFire   . . .        Y - +0 war axe
rCold   . . .        c - +0 buckler
rNeg    + . .        b - +0 scale mail
rPois   inf          (no helmet)
rElec   +            (no cloak)
rCorr   .            (no gloves)
SInv    .            (no boots)
Will    .....        (no amulet) Stlth
                     e - +6 ring of dexterity
HPRegen 0.26/turn    (no ring)
MPRegen 0.10/turn

%: no passive effects
@: no status effects
A: sickness immunity, AC +4, negative energy resistance 1, electricity
resistance, torment resistance 1, petrification resistance
a: no special abilities


You were on level 2 of the Dungeon.
You visited 1 branch of the dungeon, and saw 2 of its levels.

You collected 79 gold pieces.


Innate Abilities, Weirdness & Mutations

You are immune to sickness and miasma.
Your stone body is resilient. (AC +4)
You are immune to poison.
You resist negative energy. (rN+)
You are resistant to electric shocks. (rElec)
You are resistant to unholy torment.
You are immune to petrification.


   Skills:
 - Level 3.2 Fighting
 + Level 3.4 Axes
 - Level 3.2 Armour
 - Level 3.7 Dodging
 - Level 3.2 Shields


You had 5 spell levels left.
You didn't know any spells.
Your spell library was empty.

Inventory:

Hand Weapons
 i - a +1 whip of freezing
 Y - a +0 war axe (weapon)
Armour
 b - a +0 scale mail (worn)
 c - a +0 buckler (worn)
Jewellery
 e - a +6 ring of dexterity (left hand)
Potions
 a - a potion of heal wounds {unknown}
 d - a potion of might
 f - a potion of attraction {unknown}

Dungeon Overview and Level Annotations

Branches:
Dungeon (2/15)

Altars:
The Shining One

Shops:
D:1 =

Annotations:
D:2 Natasha


Message History

The cerulean imp hits you but does no damage.
Robin barely misses you. The cerulean imp closely misses you.
You completely miss Robin.
Robin is moderately wounded.
You block Robin's attack.
The cerulean imp hits you but does no damage.
Robin hits you with a +2 dagger of flaming.
Robin burns you.
You slash Robin!
You kill Robin!
The cerulean imp hits you from afar with a +2 spear.
The cerulean imp closely misses you.
You hit Natasha.
Natasha is moderately wounded.
Natasha claws you! The cerulean imp misses you.
Natasha mumbles some strange words.
Natasha's front paws start to glow.
You block Natasha's attack.
You hit Natasha but do no damage.
Natasha is moderately wounded.
You block the cerulean imp's attack. You block Natasha's attack.
You hit Natasha but do no damage.
Natasha is moderately wounded.
The cerulean imp hits you from afar with a +2 spear.
Natasha claws you. The cerulean imp barely misses you.
You barely miss Natasha.
Natasha is moderately wounded.
You block Natasha's attack.
The cerulean imp hits you but does no damage.
Natasha casts a spell.
You closely miss Natasha.
Natasha is moderately wounded.
The cerulean imp hits you but does no damage.
Natasha stares at you and mumbles some strange words.
The magic dart hits you.
You barely miss Natasha.
Natasha is moderately wounded.
You block the cerulean imp's attack. The cerulean imp barely misses you.
Natasha claws you.
You die...

...~~~... ..~~~~..
#+##~~~~.
...#~~~~##############
._.#~~~~...##.....)..#
..#~~~~##.##.#....... .
####~~~.##.##.#...##.###
~~~~~~))#.........##.#..
~~~~~~#@#...#..##.##.#.#
~~~~~~#h#...#..........#
~~~g..55#...########...#
........##### #....
.[......# #.#.#
..g.....+ #.#.# ......#
###'#.# .......# #.....)
#....##


You could see Natasha and 2 cerulean imps.

Vanquished Creatures
  Sigmund (D:2)
  Robin (D:2)
  3 ball pythons
  4 endoplasms (D:1)
  2 giant cockroaches (D:1)
  10 goblins
  6 hobgoblins
  2 jackals (D:2)
  A quokka (D:1)
  4 bats
  2 frilled lizards
  3 kobolds
  4 rats
43 creatures vanquished.

Notes
Turn   | Place    | Note
-------+----------+-------------------------------------------
     0 | D:1      | qw the Gargoyle Fighter began the quest for the Orb.
     0 | D:1      | Reached XP level 1. HP: 14/14 MP: 1/1
     0 | D:1      | 0 ||| qw: Version: 0.3-a-24-ga2abf7b
     0 | D:1      | 0 ||| qw: Game counter: 6934
     0 | D:1      | 0 ||| qw: Melee chars always use a shield: true
     0 | D:1      | 0 ||| qw: God list: Okawaru
     0 | D:1      | 0 ||| qw: Allow faded altars: false
     0 | D:1      | 0 ||| qw: Do Orc after clearing Dungeon:15 true
     0 | D:1      | 0 ||| qw: Do second Lair branch before Depths: true
     0 | D:1      | 0 ||| qw: Lair rune preference: random
     0 | D:1      | 0 ||| qw: Goals: Normal, Zot:1-4, Slime:5, God:TSO, Crypt,
                  | Tomb, Abyss, Pan, Hells, Win
     0 | D:1      | 0 ||| PLANNING D:1-11
    82 | D:1      | 82 ||| DROPPING +0 club.
   113 | D:1      | Reached XP level 2. HP: 19/19 MP: 2/2
   302 | D:1      | 302 ||| Stepping ~*~*~tactically~*~*~ (stealth).
   307 | D:1      | 307 ||| Stepping ~*~*~tactically~*~*~ (stealth).
   310 | D:1      | 310 ||| Stepping ~*~*~tactically~*~*~ (stealth).
   316 | D:1      | 316 ||| Stepping ~*~*~tactically~*~*~ (stealth).
   472 | D:1      | You fall into a shaft and drop 1 floor!
   556 | D:2      | Reached skill level 3 in Axes
   560 | D:2      | Found a glowing golden altar of the Shining One.
   598 | D:2      | Reached XP level 3. HP: 20/23 MP: 3/3
   609 | D:2      | 609 ||| UPGRADING to +6 ring of dexterity.
   712 | D:1      | 712 ||| Stepping ~*~*~tactically~*~*~ (stealth).
   735 | D:1      | 735 ||| DROPPING +0 whip.
   741 | D:1      | Found Meclywam's Jewellery Shoppe.
   749 | D:1      | 749 ||| SHOPLISTING +4 ring of protection (468 gold, have
                  | 79).
   749 | D:1      | 749 ||| SHOPLISTING +6 ring of strength (468 gold, have
                  | 79).
   749 | D:1      | 749 ||| SHOPLISTING amulet of Ariungi {Reflect rF+ rCorr
                  | Dex-4 SH+5 Stlth+} (572 gold, have 79).
   749 | D:1      | 749 ||| SHOPLISTING ring of ice (325 gold, have 79).
   749 | D:1      | 749 ||| SHOPLISTING ring of resist corrosion (260 gold,
                  | have 79).
   852 | D:1      | 852 ||| READING scroll labelled JOBLENWOORCH.
   894 | D:2      | Noticed Sigmund
   895 | D:2      | 895 ||| Stepping ~*~*~tactically~*~*~ (hiding).
   896 | D:2      | 896 ||| Stepping ~*~*~tactically~*~*~ (stealth).
   907 | D:2      | Killed Sigmund
   908 | D:2      | Reached skill level 3 in Dodging
   908 | D:2      | Reached XP level 4. HP: 27/28 MP: 4/4
   908 | D:2      | Reached XP level 5. HP: 31/32 MP: 5/5
   943 | D:2      | Found a faded altar of an unknown god.
   945 | D:2      | Noticed Natasha
   946 | D:2      | 946 ||| Stepping ~*~*~tactically~*~*~ (stealth).
   947 | D:2      | 947 ||| Stepping ~*~*~tactically~*~*~ (stealth).
   949 | D:2      | 949 ||| Stepping ~*~*~tactically~*~*~ (stealth).
   953 | D:2      | Noticed Robin
   983 | D:2      | Reached XP level 6. HP: 24/37 MP: 6/6
   985 | D:2      | Killed Robin
   988 | D:2      | HP: 7/37 [Natasha (3)]
   991 | D:2      | Slain by Natasha

Levels and vault maps discovered:
D:1:      onia_arrival_pentagram, layout_basic, serial_shops, shop,
          st_stairs_10, corexii_item_surrounded_by_moat, minmay_split_cup_large
D:2:      layout_basic, basic_altar, nicolae_ecumenical_lake_church,
          feat_on_display, uniq_natasha, uniq_sigmund, uniq_robin

Skill      XL: |  1  2  3 |
---------------+----------+-----
Axes           | 2 3 |  3.4
Dodging        | 3 |  3.7
Fighting       | |  3.2
Armour         | |  3.2
Shields        | |  3.2

Action                     |  1- 3 |  4- 6 || total
---------------------------+-------+-------++-------
  Melee: War axe           |    69 |    41 ||   110
    Use: Scroll            |     1 |       ||     1
 Armour: Scale mail        |    33 |    21 ||    54
  Dodge: Dodged            |    27 |    25 ||    52
  Block: Buckler           |    10 |    13 ||    23

Table legend:
 A = Non-vault XP
 B = Vault XP
 C = Vault XP percentage of total XP
 D = Non-vault monster count
 E = Vault monster count
 F = Vault count percentage of total count
                 A         B        C        D         E       F
            +---------+---------+-------+---------+---------+-------
      Total |      38 |     296 |  88.6 |      23 |      20 |  46.5
            +---------+---------+-------+---------+---------+-------
        D:1 |      23 |       8 |  25.8 |      14 |       6 |  30.0
        D:2 |      15 |     288 |  95.0 |       9 |      14 |  60.9
            +---------+---------+-------+---------+---------+-------
